 Dungeon Crawl Stone Soup version 0.29.1-1-gd02db6906a (webtiles) character file.

Game seed: 7606692780973901867

267 safid the Shooter (level 6, -6/48 (51) HPs)
             Began as a Minotaur Hunter on Oct 6, 2022.
             Mangled by a wight
             ... wielding a +3 falchion
              (8 damage)
             ... on level 3 of the Dungeon.
             The game lasted 00:04:41 (3225 turns).

safid the Shooter (Minotaur Hunter)                 Turns: 3225, Time: 00:04:42

HP:   -6/48 (51)    AC:  6    Str: 15    XL:     6   Next: 0%
MP:   5/5           EV: 11    Int:  6    God:
Gold: 262           SH:  0    Dex: 16    Spells: 5/5 levels left

rFire   . . .      SeeInvis .   a - +0 shortbow
rCold   . . .      Faith    .   (shield currently unavailable)
rNeg    . . .      Spirit   .   s - +0 ring mail
rPois   .          Reflect  .   p - +1 hat
rElec   .          Harm     .   (no cloak)
rCorr   .          Rampage  .   (no gloves)
Will    .....                   (no boots)
Stlth   +.........              (no amulet)
HPRegen 0.16/turn               (no ring)
MPRegen 0.09/turn               (no ring)

@: drained
A: horns 2, retaliatory headbutt
a: no special abilities


You were on level 3 of the Dungeon.
You visited 1 branch of the dungeon, and saw 4 of its levels.

You collected 262 gold pieces.

Inventory:

Hand Weapons
 a - a +0 shortbow (weapon)
Missiles
 t - a throwing net
Armour
 p - a +1 hat (worn)
 s - a +0 ring mail (worn)
Wands
 k - a wand of roots (10)
Scrolls
 b - a scroll of immolation
 c - a scroll of brand weapon {unknown}
 e - 3 scrolls of identify {unknown}
 i - a scroll of blinking {unknown}
 l - a scroll of enchant armour {unknown}
 o - 2 scrolls of poison {unknown}
 q - a scroll of fear {unknown}
 u - a scroll of vulnerability {unknown}
Potions
 d - a potion of lignification {unknown}
 f - 2 potions of haste {unknown}
 g - a potion of attraction {unknown}
 h - a potion of brilliance {unknown}
 j - a potion of might {unknown}
 m - 4 potions of magic {unknown}
 n - a potion of heal wounds {unknown}
 r - a potion of mutation {unknown}


   Skills:
 - Level 3.0 Fighting
 + Level 7.8 Ranged Weapons
 - Level 2.1 Dodging
 - Level 0.7 Stealth


You had 5 spell levels left.
You didn't know any spells.
Your spell library contained the following spells:

 Spells                   Type           Power      Damage    Failure   Level
 Necrotise                Necr           0%         1d4       69%         1
 Stone Arrow              Conj/Erth      0%         3d7       96%         3
 Vampiric Draining        Necr           0%         2d6       96%         3
 Animate Armour           Summ/Erth      0%         N/A       100%        4
 Agony                    Necr           0%         N/A       100%        5
 Lehudib's Crystal Spear  Conj/Erth      0%         10d2      100%        8


Dungeon Overview and Level Annotations

Branches:
Dungeon (4/15)
 Temple: D:4-7

Altars:
Wu Jian


Innate Abilities, Weirdness & Mutations

You have a pair of horns on your head.
You reflexively headbutt those who attack you in melee.


Message History

The gnoll hits you from afar with a +0 halberd!
The gnoll barely misses you.
You shoot an arrow. The arrow closely misses the wight.
The arrow hits the gnoll.
The gnoll is severely wounded.
The wight barely misses you. The gnoll barely misses you.
The gnoll closely misses you. The wight hits you with a +3 falchion!
You feel drained.
The gnoll hits you from afar with a +0 spear.
The gnoll misses you. The wight hits you but does no damage.
The gnoll closely misses you.
You climb upwards.
There is a stone staircase leading down here.
Fire: a) +0 shortbow
Press: ? - help, Q - select action, (/) - cycle Shift-Dir - straight line, f - wight
Aim: a wight, wielding a +3 falchion and wearing a +0 robe (64% to hit)
You shoot an arrow. The arrow completely misses the wight.
The wight hits you with a +3 falchion!
* * * LOW HITPOINT WARNING * * *
You feel drained.
* * * LOW HITPOINT WARNING * * *
Fire: a) +0 shortbow
Press: ? - help, Q - select action, (/) - cycle Shift-Dir - straight line, f/p - wight
Aim: a wight, wielding a +3 falchion and wearing a +0 robe (64% to hit)
You shoot an arrow. The arrow barely misses the wight.
The wight hits you with a +3 falchion!
* * * LOW HITPOINT WARNING * * *
Fire: a) +0 shortbow
Press: ? - help, Q - select action, (/) - cycle Shift-Dir - straight line, f/p - wight
Aim: a wight, wielding a +3 falchion and wearing a +0 robe (64% to hit)
You shoot an arrow. The arrow hits the wight!
The wight is heavily damaged.
The wight hits you with a +3 falchion.
* * * LOW HITPOINT WARNING * * *
Fire: a) +0 shortbow
Press: ? - help, Q - select action, (/) - cycle Shift-Dir - straight line, f/p - wight
Aim: a wight, wielding a +3 falchion and wearing a +0 robe (heavily damaged, 64% to hit)
You shoot an arrow. The arrow closely misses the wight.
The wight hits you with a +3 falchion!
You die...

#....#
#.)........#
##....#
#.########.#
......# #)# ###.#
....### #.# #...#
....######### #.#
#.###
............###.#
#.#
............#...#
#.#
###.........#.####
#.#
..'.........'..z@#
#.#
###.........####)#
###.# #.........#
#.# #...#
#.........####.#
#.#.#
############.#.#
#...# #.#.# ###.#
####.#.### #.#
#######........#
#.#
#.......####)#.#
#.#


You could see a wight.

Vanquished Creatures
  An orc priest (D:3)
  Jessica (D:2)
  Terence (D:2)
  2 gnolls
  7 adders
  2 worms (D:2)
  3 dart slugs
  6 orcs (D:3)
  8 ball pythons
  8 bats
  5 endoplasms
  3 giant cockroaches
  12 goblins
  5 hobgoblins
  2 jackals (D:3)
  8 kobolds
  4 quokkas
  5 frilled lizards
  9 rats
92 creatures vanquished.

Notes
Turn   | Place    | Note
-------+----------+-------------------------------------------
     0 | D:1      | safid the Minotaur Hunter began the quest for the Orb.
     0 | D:1      | Reached XP level 1. HP: 18/18 MP: 0/0
    86 | D:1      | Reached XP level 2. HP: 25/25 MP: 1/1
   192 | D:1      | Reached skill level 5 in Ranged Weapons
   384 | D:1      | Reached XP level 3. HP: 23/31 MP: 2/2
  1091 | D:2      | Noticed Jessica
  1095 | D:2      | Killed Jessica
  1096 | D:2      | Reached XP level 4. HP: 37/38 MP: 3/3
  1100 | D:2      | Reached skill level 6 in Ranged Weapons
  1239 | D:2      | Noticed Terence
  1252 | D:2      | Killed Terence
  1598 | D:2      | Found a faded altar of an unknown god.
  1624 | D:2      | Reached XP level 5. HP: 38/45 MP: 4/4
  1878 | D:2      | Reached skill level 7 in Ranged Weapons
  2699 | D:3      | Found an ornate altar of the Wu Jian Council.
  2966 | D:3      | Reached XP level 6. HP: 8/51 MP: 5/5
  3224 | D:3      | HP: 2/48 [wight/+3 falchion (5)]
  3225 | D:3      | Mangled by a wight

Illustrated notes

Levels and vault maps discovered:
D:1:      matt_arrival_refuge, layout_basic, minmay_misc_feat_ornament,
          minmay_pentomino_z2
D:2:      minmay_chambers_of_twos, layout_basic, basic_ecumenical_altar,
          kennysheep_nub, uniq_jessica, uniq_terence
D:3:      layout_basic, mainiacjoe_overflow_brackets
D:4:      layout_rooms, lemuel_crystal_altar, slow_altar_2,
          nicolae_underground_beach, uniq_robin

Skill      XL: |  1  2  3  4  5 |
---------------+----------------+-----
Fighting       | 3 |  3.0
Ranged Weapons | 5 6 7 |  7.8
Dodging        | |  2.1
Stealth        | |  0.7

Action                   |  1- 3 |  4- 6 || total
-------------------------+-------+-------++-------
 Fire: Shortbow          |    91 |   152 ||   243
Armor: Leather armour    |    10 |    11 ||    21
       Ring mail         |       |     5 ||     5
Dodge: Dodged            |    23 |    50 ||    73
